 Dungeon Crawl Stone Soup version 0.26.0-16-gc1dbca0489 (webtiles) character file.

Game seed: 6279951607193487607

4 112233 the Magician (level 1, -3/7 HPs)
             Began as a Felid Hedge Wizard on Jan 20, 2021.
             Slain by a hobgoblin (5 damage)
             ... on level 1 of the Dungeon.
             The game lasted 00:00:27 (200 turns).

112233 the Magician (Felid Hedge Wizard)             Turns: 200, Time: 00:00:27

Health: -3/7       AC:  1    Str:  6    XL:     1   Next: 50%
Magic:  0/5        EV: 18    Int: 15    God:
Gold:   13         SH:  0    Dex: 15    Spells: 5/6 levels left
                                        Lives:  0   Deaths: 0

rFire    . . .     SeeInvis +   (weapon unavailable)
rCold    . . .     Faith    .   (shield unavailable)
rNeg     . . .     Spirit   .   (armour unavailable)
rPois    .         Reflect  .   (helmet unavailable)
rElec    .         Harm     .   (cloak unavailable)
rCorr    .         Rampage  .   (gloves unavailable)
Will     .....                  (boots unavailable)
Stlth    +++.......             (no amulet)
HPRegen  0.02/turn              (no ring)
MPRegen  0.09/turn              (no ring)

@: very slightly contaminated, quick
A: very small, no armour, no weapons or thrown items, stealth, claws 1, fangs 3,
see invisible, speed 1, shaggy fur 1, sharp paws
a: no special abilities


You were on level 1 of the Dungeon.
You visited 1 branch of the dungeon, and saw 1 of its levels.

You collected 13 gold pieces.

Inventory:

Scrolls
 a - a scroll of random uselessness {unknown}
Potions
 b - a potion of heal wounds {unknown}


   Skills:
 + Level 3.0 Dodging
 - Level 2.6 Stealth
 + Level 3.1 Spellcasting
 - Level 0.8 Conjurations
 - Level 1.0 Summonings
 - Level 1.5 Translocations


You had 5 spell levels left.
You knew the following spells:

 Your Spells              Type           Power        Failure   Level
a - Magic Dart            Conj           16%          14%         1

Your spell library contained the following spells:

 Spells                   Type           Power        Failure   Level
 Blink                    Tloc           N/A          16%         2
 Call Imp                 Summ           5%           21%         2
 Slow                     Hex            2%           30%         2
 Conjure Flame            Conj/Fire      3%           45%         3
 Mephitic Cloud           Conj/Pois/Air  3%           47%         3


Dungeon Overview and Level Annotations

Branches:
Dungeon (1/15)

Altars:


Innate Abilities, Weirdness & Mutations

You cannot wear armour.
You are incapable of wielding weapons or throwing items.
Your paws allow you to move quietly. (Stealth)
You have sharp claws.
You have razor-sharp teeth.
You have supernaturally acute eyesight. (SInv)
You cover ground quickly.
You are covered in fur. (AC +1)
Your sharp claws are effective at attacking unaware monsters.


Message History

Unknown command.
A hobgoblin is nearby!
Casting: Magic Dart (safe; 14% risk of failure)
Aiming: Magic Dart (safe; 14% risk of failure)
Aim: a hobgoblin (heavily wounded, 0% to evade)
The magic dart hits the hobgoblin.
Casting: Magic Dart (safe; 14% risk of failure)
You don't have enough magic to cast that spell.
Found a hand axe.
Found 2 gold pieces.
Casting: Magic Dart (safe; 14% risk of failure)
Aiming: Magic Dart (safe; 14% risk of failure)
Aim: a hobgoblin (almost dead, 0% to evade)
You miscast Magic Dart.
You are very lightly contaminated with residual magic.
Nothing appears to happen.
Unknown command.
You barely miss the hobgoblin. The hobgoblin hits you.
Ouch! That really hurt!
You die...

#............#.....
#..##.#####........
#..#(†# #........
#..##..⌠.g.........
##.#.⌠##.##........
#.##.##⌠.#.#......
#....⌠..##.##.....
#g#!#†#.)#.###...#
#@#####.##. ##+##
#.......$ #≈.≈≈
###..#### #§≈.≈ #.#
###§≈.. .# #...≈.<
# ...#≈≈.. . #≈≈.≈
#≈.≈≈ ##+##


You could see a hobgoblin.

Vanquished Creatures
  2 jackals (D:1)
  A bat (D:1)
  A rat (D:1)
4 creatures vanquished.

Notes
Turn   | Place    | Note
-------+----------+-------------------------------------------
     0 | D:1      | 112233 the Felid Hedge Wizard began the quest for the Orb.
     0 | D:1      | Reached XP level 1. HP: 7/7 MP: 5/5
   200 | D:1      | Slain by a hobgoblin

Illustrated notes

Levels and vault maps discovered:
D:1:      ncdulo_lavacross, layout_loops_corners, serial_bayou_pond_e,
          minmay_misc_feat_rows, chequers_serial_rivers_room_a,
          minmay_octomino_e4

Skill      XL: |  1 |
---------------+----+-----
Dodging        | 3 |  3.0
Stealth        | |  2.6
Spellcasting   | |  3.1
Conjurations   | |  0.8
Summonings     | |  1.0
Translocations | |  1.5

Action                   || total
-------------------------++-------
Melee: Unarmed           ||     2
 Cast: Magic Dart        ||    12
Dodge: Dodged            ||     9
